 Dungeon Crawl Stone Soup version 0.19-a0-1920-g83281cb (webtiles) character file.

45 Kaname the Magician (level 3, 15/24 HPs)
             Began as a High Elf Wanderer on Oct 23, 2016.
             Got out of the dungeon alive.
             The game lasted 00:06:08 (1477 turns).

Kaname the Magician (High Elf Wanderer)             Turns: 1477, Time: 00:06:08

Health: 15/24      AC:  3    Str: 11    XL:     3   Next: 42%
Magic:  8/9        EV: 11    Int: 20    God:
Gold:   94         SH:  0    Dex: 11    Spells: 4 memorised, 1 level left

rFire  . . .     SeeInvis .     i - +1 dagger (protect)
rCold  . . .     Gourm    .     d - +1 robe
rNeg   . . .     Faith    .     (no shield)
rPois  .         Spirit   .     (no helmet)
rElec  .         Reflect  .     (no cloak)
rCorr  .         Harm     .     (no gloves)
MR     .....                    (no boots)
Stlth  +.........               (no amulet)
                                (no ring)
                                (no ring)

@: no status effects
A: no striking features
a: no special abilities


You escaped.
You were not hungry.

You visited 1 branch of the dungeon, and saw 2 of its levels.

You collected 94 gold pieces.

Inventory:

Hand Weapons
 i - a +1 dagger of protection (weapon)
Armour
 d - a +1 robe (worn)
Scrolls
 e - a scroll of teleportation {unknown}
 m - a scroll of identify {unknown}
Potions
 a - a potion of might {unknown}
 h - 2 potions of curing {unknown}
 l - a potion of agility {unknown}
 n - a potion of haste {unknown}
Books
 b - the Handbook of Necromancy

   Spells                             Type                      Level
   a - Animate Skeleton               Necromancy                   1
   b - Vampiric Draining              Necromancy                   3
 c - the Collected Works on Transmutation

   Spells                             Type                      Level
   a - Passwall                       Transmutation/Earth          2
   b - Sticks to Snakes               Transmutation                2
Comestibles
 f - 2 bread rations
 g - a chunk of flesh
 j - a meat ration


   Skills:
 - Level 2.0 Fighting
 - Level 1.0 Throwing
 - Level 1.1 Stealth
   Level 1.0 Shields
 - Level 3.6 Spellcasting
 + Level 2.5 Necromancy
 - Level 1.5 Earth Magic


You had one spell level left.
You knew the following spells:

 Your Spells              Type           Power        Failure   Level  Hunger
a - Animate Skeleton      Necr           N/A          6%          1    None
b - Passwall              Tmut/Erth      #.........   17%         2    ##.....
c - Sticks to Snakes      Tmut           #.......     24%         2    ##.....
d - Vampiric Draining     Necr           ##........   17%         3    ###....


Dungeon Overview and Level Annotations

Branches:
Dungeon (2/15)

Altars:


Message History

You see here a frilled lizard corpse.
You butcher the frilled lizard corpse.
g - a chunk of flesh
j - a meat ration You already know all available spells.
Unknown command.
There is a stone staircase leading up here.
You climb upwards.
There is a stone staircase leading down here.
There is an open door here.
Your magical contamination has completely faded away.
There is a fountain of sparkling water here.
There is an open door here.
Things that are here:
2 stones; a short sword
There is a fountain of clear blue water here.
There is an open door here.
There is a staircase leading out of the dungeon here.
Are you sure you want to leave the Dungeon?
This will make you lose the game!
You have escaped!

# #.##....................### # #
#.##..........>.###.......#### #
#...............###..........# #
####..........#..##.......##.. #
#..##..#######.........#### #
#..##..########........#... #
#..##..##...##...........## #
#..##..##...###.########### #
#####..##.@.###.# #...... #
#..##...##..# #...... ########
#..##...##.######......
.......####..###'###..........###
.............###.###.........##
.......#...⌠.......).........#
.......##..(.................#
.......#######.#####......(..#
...(.....#####'#####.......=.#


There were no monsters in sight!

Vanquished Creatures
  An adder (D:2)
  A dart slug (D:1)
  3 ball pythons
  4 bats (D:1)
  3 giant cockroaches
  2 hobgoblins (D:1)
  7 kobolds
  A quokka (D:2)
  3 frilled lizards
  5 goblins
  2 rats
32 creatures vanquished.

Notes
Turn   | Place    | Note
-------+----------+-------------------------------------------
     0 | D:1      | Kaname the High Elf Wanderer began the quest for the Orb.
     0 | D:1      | Kaname set off with: a +2 spear, the Handbook of Necromancy, the Collected Works on Transmutation, a +0 robe, a bread ration
     0 | D:1      | Reached XP level 1. HP: 14/14 MP: 6/6
     0 | D:1      | Identified the Handbook of Necromancy
     0 | D:1      | Identified the Collected Works on Transmutation
     2 | D:1      | Learned a level 1 spell: Animate Skeleton
    90 | D:1      | Reached skill level 1 in Necromancy
   302 | D:1      | Reached XP level 2. HP: 17/19 MP: 7/7
   306 | D:1      | Learned a level 2 spell: Passwall
   309 | D:1      | Learned a level 2 spell: Sticks to Snakes
  1101 | D:2      | Reached XP level 3. HP: 24/24 MP: 9/9
  1215 | D:2      | Learned a level 3 spell: Vampiric Draining
  1477 | D:$      | Got out of the dungeon alive.

Vault maps used:
D:1:      dpeg_arrival_rooms_a, serial_bayou_pond_b, minmay_fountain_box
D:2:      chequers_temple_overflow_statue_of_worship, minitemple, first_bread,
          guppyfry_early_lair_pool

Skill      XL: |  1  2 |
---------------+-------+-----
Necromancy     | 1 2 |  2.5
Fighting       | |  2.0
Throwing       | |  1.0
Stealth        | |  1.1
Shields        | |  1.0
Spellcasting   | |  3.6
Earth Magic    | |  1.5

Action                   || total
-------------------------++-------
Melee: Spear             ||    21
       Mace              ||    58
       Dagger            ||    41
 Cast: Vampiric Draining ||     2
  Use: Scroll            ||     5
  Eat: Chunk             ||     2
Armor: Robe              ||    45
Dodge: Dodged            ||    82
